 Dungeon Crawl Stone Soup version 0.18-a0-1197-g8004e50 (webtiles) character file.

292 nuthulu the Skirmisher (level 6, -9/41 HPs)
             Began as a Gargoyle Fighter on Jan 30, 2016.
             Mangled by a mummy (12 damage)
             ... in an ossuary.
             The game lasted 00:06:39 (3340 turns).

nuthulu the Skirmisher (Gargoyle Fighter)           Turns: 3340, Time: 00:06:40

Health: -9/41      AC: 11    Str: 24    XL:     6   Next: 33%
Magic:  6/6        EV:  7    Int:  9    God:
Gold:   118        SH:  9    Dex: 11    Spells: 0 memorised, 5 levels left

rFire  . . .     SeeInvis +     a - +1 flail
rCold  . . .     Gourm    .     b - +0 scale mail
rNeg   + . .     Faith    .     c - +0 shield
rPois  ∞         Spirit   .     (no helmet)
rElec  +         Dismiss  .     (no cloak)
rCorr  .         Reflect  .     (no gloves)
SustAt .         Harm     .     (no boots)
MR     .....                    (no amulet)
Stlth  ..........               (no ring)
                                j - ring of see invisible

@: mighty, not resistant to hostile enchantments, extremely unstealthy
A: negative energy resistance 1, electricity resistance, unbreathing,
petrification resistance, rot immunity, AC +4
a: no special abilities


You were in an ossuary.
You were not hungry.

You visited 1 branch of the dungeon, and saw 4 of its levels.
You also visited: Ossuary.

You collected 118 gold pieces.

Inventory:

Hand Weapons
 a - a +1 flail (weapon)
Armour
 b - a +0 scale mail (worn)
 c - a +0 shield (worn)
Jewellery
 j - a ring of see invisible (left hand)
Wands
 p - a wand of flame (0/48)
 q - a wand of flame (32/48)
 s - a wand of lightning (4/15)
Scrolls
 e - 2 scrolls of recharging
 k - a scroll of immolation
 m - 3 scrolls of magic mapping
 n - 2 scrolls of remove curse
 v - a scroll of amnesia
Potions
 d - a potion of might
 g - 2 potions of curing
 o - a potion of heal wounds
 r - a potion of ambrosia {unknown}
Comestibles
 f - 6 bread rations
 h - 6 fruits
 i - a beef jerky
 l - a meat ration
 t - a royal jelly
 u - 3 chunks of flesh


   Skills:
 + Level 6.0 Fighting
 + Level 4.5 Maces & Flails
 - Level 3.2 Armour
 - Level 3.2 Shields


You had 5 spell levels left.
You didn't know any spells.

Dungeon Overview and Level Annotations

Branches:
Dungeon (4/15)
 Temple: D:4-7

Altars:
Kikubaaqudgha
Qazlal
Trog


Innate Abilities, Weirdness & Mutations

You are resistant to torment.
Your stone body is resilient (AC +4).
You are immune to poison.
You resist negative energy.
You are resistant to electric shocks.
You can survive without breathing.
You are immune to petrification.
You are immune to rotting.


Message History

You thump the mummy!
The mummy is heavily damaged.
The mummy hits you!
* * * LOW HITPOINT WARNING * * *
The mummy hits you!
* * * LOW HITPOINT WARNING * * *
You barely miss the mummy.
The mummy is heavily damaged.
The mummy hits you but does no damage.
You sock the mummy!
You destroy the mummy!
Your Fighting skill increases to level 6!
The mummy hits you but does no damage.
You thump the mummy!
The mummy is heavily damaged.
The mummy barely misses you.
You closely miss the mummy.
The mummy is heavily damaged.
The mummy hits you!
You die...

###M### M#
##.....## ##.+
##.......###..#
#.........#...+
+....⌠....'...#
#.........#...+
##.......###..#
##...M.## ##.+
###@### .# #.#
.# ##.## !.
#.∩.# !? #.∩.#
#####


You could see a mummy.

Vanquished Creatures
  A crimson imp (D:4)
  3 orc wizards
  Jessica (D:3)
  4 mummies
  2 adders (D:3)
  An ooze (D:1)
  3 worms
  A giant gecko (D:2)
  6 orcs
  5 giant cockroaches
  6 goblins
  6 hobgoblins
  2 jackals (D:1)
  3 quokkas
  2 ball pythons (D:3)
  6 bats
  3 giant newts
  7 kobolds
  7 rats
69 creatures vanquished.

Notes
Turn   | Place    | Note
--------------------------------------------------------------
     0 | D:1      | nuthulu the Gargoyle Fighter began the quest for the Orb.
     0 | D:1      | Reached XP level 1. HP: 14/14 MP: 1/1
   228 | D:1      | Reached XP level 2. HP: 13/19 MP: 2/2
  1119 | D:2      | Found an ancient bone altar of Kikubaaqudgha.
  1138 | D:2      | Reached skill level 4 in Fighting
  1138 | D:2      | Reached XP level 3. HP: 24/24 MP: 3/3
  1381 | D:2      | Found a stormy altar of Qazlal.
  2024 | D:2      | Reached XP level 4. HP: 30/30 MP: 4/4
  2207 | D:3      | Reached skill level 5 in Fighting
  2207 | D:3      | Reached XP level 5. HP: 33/35 MP: 5/5
  2222 | D:3      | Noticed Jessica
  2243 | D:3      | Killed Jessica
  2665 | D:3      | Found a bloodstained altar of Trog.
  3106 | D:4      | Reached XP level 6. HP: 38/41 MP: 6/6
  3179 | D:4      | Found a sand-covered staircase.
  3193 | Ossuary  | Entered an ossuary
  3336 | Ossuary  | HP: 2/41 [mummy (10)]
  3338 | Ossuary  | Reached skill level 6 in Fighting
  3340 | Ossuary  | Mangled by a mummy

Vault maps used:
D:1:      minmay_arrival_up_and_down
D:2:      nicolae_qazlal_eye_of_the_storm, kiku_gazebo_garden_becter
D:3:      marbit_many_paths, first_bread, amethyst_killhole, hex_tiny,
          mrwooster_statue_mirror, uniq_jessica
D:4:      gup_ossuary_entry_pyramid, hangedman_decor_slide_cut, minmay_distorted
Ossuary:  ossuary_crypta

Action                   |  1- 3 |  4- 6 || total
-------------------------+-------+-------++-------
Melee: Flail             |   178 |   110 ||   288
Evoke: Wand              |       |     5 ||     5
  Use: Scroll            |     8 |     3 ||    11
       Potion            |       |     2 ||     2
  Eat: Chunk             |     4 |     4 ||     8
